 Dungeon Crawl Stone Soup version 0.29.1-12-g30fa7ad0bf (webtiles) character file.

Game seed: 3251761101335632279

5 FaviusArthum the Conjurer (level 1, 0/10 HPs)
             Began as a Deep Elf Conjurer on Jan 7, 2023.
             Slain by a jackal (2 damage)
             ... on level 1 of the Dungeon.
             The game lasted 00:00:47 (45 turns).

FaviusArthum the Conjurer (Deep Elf Conjurer)         Turns: 45, Time: 00:00:47

Health: 0/10       AC:  2    Str:  4    XL:     1   Next: 66%
Magic:  1/6        EV: 12    Int: 22    God:
Gold:   13         SH:  0    Dex: 13    Spells: 5/6 levels left

rFire   . . .      SeeInvis .   (no weapon)
rCold   . . .      Faith    .   (no shield)
rNeg    . . .      Spirit   .   a - +0 robe
rPois   .          Reflect  .   (no helmet)
rElec   .          Harm     .   (no cloak)
rCorr   .          Rampage  .   (no gloves)
Will    .....                   (no boots)
Stlth   ++........              (no amulet)
HPRegen 0.03/turn               (no ring)
MPRegen 0.10/turn               (no ring)

@: no status effects
A: no striking features
a: no special abilities


You were on level 1 of the Dungeon.
You visited 1 branch of the dungeon, and saw 1 of its levels.

You collected 13 gold pieces.

Inventory:

Armour
 a - a +0 robe (worn)
Scrolls
 c - a scroll of identify {unknown}
Potions
 b - a potion of magic


   Skills:
 + Level 2.4 Dodging
 + Level 2.4 Stealth
 + Level 3.0 Spellcasting
 + Level 4.7 Conjurations


You had 5 spell levels left.
You knew the following spells:

 Your Spells              Type           Power      Damage    Failure   Level
a - Magic Dart            Conj           96%        1d7       1%          1

Your spell library contained the following spells:

 Spells                   Type           Power      Damage    Failure   Level
 Searing Ray              Conj           48%        2d6       2%          2
 Dazzling Flash           Conj/Hex       26%        N/A       14%         3
 Fulminant Prism          Conj/Hex       6%         3d7       43%         4
 Iskenderun's Mystic Bla  Conj/Tloc      13%        2d5       43%         4


Dungeon Overview and Level Annotations

Branches:
Dungeon (1/15)

Altars:


Message History

The rat twitches its whiskers.
A rat comes into view.
Found a sedimented emerald potion.
Found 5 gold pieces.
The rat attacks as you move away! The rat bites you.
You see here a sedimented emerald potion.
The rat attacks as you move away! The rat bites you.
Casting: Magic Dart (safe; 1% risk of failure)
Confirm with . or Enter, or press ? or * to list all spells.
Aiming: Magic Dart (safe; 1% risk of failure)
Press: ? - help, Shift-Dir - straight line, f/p - rat
Aim: a rat (100% to hit)
The magic dart hits the rat.
You kill the rat!
Your magical contamination has completely faded away.
The ball python attacks as you move away!
The ball python barely misses you. x2
Casting: Magic Dart (safe; 1% risk of failure)
Confirm with . or Enter, or press ? or * to list all spells.
You don't have enough magic to cast this spell.
The rat attacks as you move away! The rat barely misses you.
The ball python bites you but does no damage.
The ball python barely misses you. The rat attacks as you move away!
The rat closely misses you.
There is a fountain of clear blue water here.
The rat attacks as you move away! The rat bites you.
The ball python closely misses you. The ball python grabs you.
The ball python constricts you.
The ball python's grasp on you weakens, but your attempt to escape fails.
The jackal barely misses you. The ball python barely misses you.
The ball python constricts you. The rat bites you but does no damage.
You escape the ball python's grasp.
The jackal barely misses you. The jackal bites you.
* * * LOW HITPOINT WARNING * * *
The rat attacks as you move away! The rat bites you.
* * * LOW HITPOINT WARNING * * *
The rat attacks as you move away! The rat barely misses you.
The jackal bites you.
You die...

##### #
#####...##$.^.
##...Sh@.......
##...g.r.......#
#...~~~~...##.##
#..⌠~~~~...#
#...~~~~...#
#.........## .
#..#...!..## #.
....#######.###
...#############...#


You could see a jackal, a goblin, a ball python and a rat.

Vanquished Creatures
  3 jackals (D:1)
  A kobold (D:1)
  A rat (D:1)
5 creatures vanquished.

Notes
Turn   | Place    | Note
-------+----------+-------------------------------------------
     0 | D:1      | FaviusArthum the Deep Elf Conjurer began the quest for the
                  | Orb.
     0 | D:1      | Reached XP level 1. HP: 10/10 MP: 6/6
    45 | D:1      | Slain by a jackal

Illustrated notes

Levels and vault maps discovered:
D:1:      ebering_trefoil_3fold, layout_loops_ring, serial_park_tiny_pond,
          chequers_decorated_corner

Action                   || total
-------------------------++-------
 Cast: Magic Dart        ||     6
Armor: Robe              ||     2
Dodge: Dodged            ||    10
